 Dungeon Crawl Stone Soup version 0.31-a0-1300-gb6740aa4e6 (webtiles) character file.

Game seed: 15500946602920923414

2419694 RepHenryClay the Ruinous (level 27, 171/171 HPs)
             Began as an Octopode Venom Mage on Dec 17, 2023.
             Was the Champion of Vehumet.
             Escaped with the Orb
             ... and 5 runes on Dec 19, 2023!
             The game lasted 05:25:08 (106852 turns).

RepHenryClay the Ruinous (Octopode Venom Mage)    Turns: 106852, Time: 05:25:09

Health: 171/171    AC: 11    Str: 13    XL:     27
Magic:  43/43      EV: 38    Int: 40    God:    Vehumet [******]
Gold:   6532       SH:  8    Dex: 29    Spells: 7/58 levels left

rFire   + + +        a - staff of conjuration
rCold   + . .        U - +0 buckler
rNeg    + . .        R - +2 hat {Will+}
rPois   +            s - amulet "Tofucviliwk" {^Drain +Inv rPois rF++ Regen+}
rElec   .            W - ring of Inor {rCorr AC+4}
rCorr   +            P - ring of Terra Nullius {Fly rF+}
SInv    +            v - +6 ring of intelligence
Will    ++++.        j - ring "Ytzegu" {AC+4 Str+6}
Stlth   ++++         T - +6 ring of intelligence
HPRegen 1.28/turn    O - ring "Haxoll" {rN+ Will+ Int+4}
MPRegen 0.28/turn    F - ring "Ciechuxy" {Str+2 Dex+6 Slay+3 SInv Stlth+}
                     Z - ring "Hyduscha" {rPois rC+ Str-3 Dex+4}

%: no passive effects
@: flying
A: almost no armour, amphibious, 8 rings, camouflage 1, gelatinous body 1,
(nimble swimmer 1), tentacles, mutation resistance 1
0: Orb of Zot
}: 5/15 runes: decaying, slimy, silver, abyssal, gossamer
a: Renounce Religion, Evoke Invisibility


You escaped.
You worshipped Vehumet.
Vehumet was exalted by your worship.
You visited 12 branches of the dungeon, and saw 56 of its levels.
You visited the Abyss 1 time.
You also visited: Ossuary.

You collected 9071 gold pieces.
You spent 2539 gold pieces at shops.

Inventory:

Missiles
 Q - a throwing net
Armour
 R - a +2 hat of willpower (worn)
 U - a +0 buckler (worn)
Magical Staves
 a - a staff of conjuration (weapon)
Jewellery
 b - a ring of wizardry
 j - the ring "Ytzegu" (on tentacle) {AC+4 Str+6}
   (You found it on level 3 of the Lair of Beasts)

   [ring of protection]

   AC+4:      It affects your AC (+4).
   Str+6:     It affects your strength (+6).
 r - the ring of Molodi {Will+ Dex+6}
   (You found it on level 5 of the Vaults)

   [ring of dexterity]

   Dex+6:     It affects your dexterity (+6).
   Will+:     It increases your willpower.
 s - the amulet "Tofucviliwk" (around mantle) {^Drain +Inv rPois rF++ Regen+}
   (You found it on level 3 of the Elven Halls)

   [amulet of regeneration]

   rF++:      It greatly protects you from fire.
   rPois:     It protects you from poison +Inv: It lets you turn invisible.
   Regen+:    It increases your rate of health regeneration.
   ^Drain:    It drains your maximum health when unequipped.
 u - the amulet "Boxas" {Regen+ Dex+3}
   (You found it on level 3 of the Crypt)

   [amulet of regeneration]

   Dex+3:     It affects your dexterity (+3).
   Regen+:    It increases your rate of health regeneration.
 v - a +6 ring of intelligence (on tentacle)
 y - the ring "Besid" {+Blink rF+ Str+4 Slay+4}
   (You acquired it on level 2 of the Swamp)

   [ring of slaying]

   Str+4:     It affects your strength (+4).
   Slay+4:    It affects your accuracy & damage with ranged weapons and melee
   (+4).
   rF+:       It protects you from fire.
   +Blink:    It lets you blink.
 B - the ring "Nyhax" {*Slow rElec rC+ Str+6}
   (You took it off a tengu reaver on level 5 of the Vaults)

   [ring of strength]

   Str+6:     It affects your strength (+6).
   rC+:       It protects you from cold.
   rElec:     It insulates you from electricity.
   *Slow:     It may slow you when you take damage.
 D - the amulet "Laniz" {Reflect ^Fragile rF+ rN++ SH+5 Stlth+}
   (You found it on level 3 of the Elven Halls)

   [amulet of reflection]

   Reflect:   It reflects blocked missile attacks.
   rF+:       It protects you from fire.
   rN++:      It greatly protects you from negative energy.
   ^Fragile:  It will be destroyed if unequipped.
   SH+5:      It affects your SH (+5).
   Stlth+:    It makes you more stealthy.
 E - the ring "Fahul" {rF- rN+ Will++ Slay+4}
   (You acquired it on level 1 of the Elven Halls)

   [ring of slaying]

   Slay+4:    It affects your accuracy & damage with ranged weapons and melee
   (+4).
   rF-:       It makes you vulnerable to fire.
   rN+:       It protects you from negative energy.
   Will++:    It greatly increases your willpower.
 F - the ring "Ciechuxy" (on tentacle) {Str+2 Dex+6 Slay+3 SInv Stlth+}
   (You acquired it on level 2 of the Lair of Beasts)

   [ring of dexterity]

   Str+2:     It affects your strength (+2).
   Dex+6:     It affects your dexterity (+6).
   Slay+3:    It affects your accuracy & damage with ranged weapons and melee
   (+3).
   SInv:      It lets you see invisible.
   Stlth+:    It makes you more stealthy.
 L - the ring "Yniel" {Dex+6 Stlth+}
   (You took it off a frost giant on level 5 of the Vaults)

   [ring of dexterity]

   Dex+6:     It affects your dexterity (+6).
   Stlth+:    It makes you more stealthy.
 O - the ring "Haxoll" (on tentacle) {rN+ Will+ Int+4}
   (You found it on level 4 of the Realm of Zot)

   [ring of positive energy]

   Int+4:     It affects your intelligence (+4).
   rN+:       It protects you from negative energy.
   Will+:     It increases your willpower.
 P - the ring of Terra Nullius (right tentacle) {Fly rF+}
   (You bought it in a shop on level 2 of the Orcish Mines)

   [ring of flight]

   rF+:       It protects you from fire.
   Fly:       It grants you flight.
 T - a +6 ring of intelligence (on tentacle)
 W - the ring of Inor (left tentacle) {rCorr AC+4}
   (You found it on level 4 of the Realm of Zot)

   [ring of protection]

   AC+4:      It affects your AC (+4).
   rCorr:     It protects you from acid and corrosion.
 Y - the amulet of Teoliega {Reflect Str-4 Int+4 Dex+2 SH+5}
   (You found it on level 5 of the Lair of Beasts)

   [amulet of reflection]

   Reflect:   It reflects blocked missile attacks.
   Str-4:     It affects your strength (-4).
   Int+4:     It affects your intelligence (+4).
   Dex+2:     It affects your dexterity (+2).
   SH+5:      It affects your SH (+5).
 Z - the ring "Hyduscha" (on tentacle) {rPois rC+ Str-3 Dex+4}
   (You bought it in a shop on level 2 of the Orcish Mines)

   [ring of poison resistance]

   Str-3:     It affects your strength (-3).
   Dex+4:     It affects your dexterity (+4).
   rC+:       It protects you from cold.
   rPois:     It protects you from poison
Wands
 i - a wand of iceblast (48)
 t - a wand of quicksilver (19)
 G - a wand of digging (58)
 H - a wand of mindburst (18)
 K - a wand of charming (64)
Scrolls
 e - 12 scrolls of teleportation
 f - 4 scrolls of blinking
 n - 4 scrolls of amnesia
 o - 5 scrolls of immolation
 p - 2 scrolls of revelation
 A - 14 scrolls of fog
 C - 2 scrolls of butterflies
 M - 9 scrolls of enchant weapon
 S - 3 scrolls of torment
 V - 5 scrolls of enchant armour
 X - 9 scrolls of fear
Potions
 c - 19 potions of curing
 d - 10 potions of mutation
 g - 13 potions of lignification
 h - 13 potions of might
 k - 11 potions of enlightenment
 l - 4 potions of magic
 m - 9 potions of ambrosia
 q - 3 potions of cancellation
 w - 9 potions of brilliance
 x - 10 potions of heal wounds
 z - 6 potions of resistance
 J - 8 potions of haste
Miscellaneous
 I - a lightning rod (4/4)
 N - a condenser vane


   Skills:
 - Level 10.0 Fighting
 - Level 12.0 Staves
 + Level 23.2 Dodging
 - Level 21.0 Stealth
 - Level 7.0 Shields
 - Level 16.0 Spellcasting
 + Level 26.7 Conjurations
 - Level 7.0 Necromancy
 - Level 5.0 Translocations
 - Level 1.2 Transmutations
 - Level 24.1 Fire Magic
 - Level 4.5 Air Magic
 - Level 5.0 Earth Magic
 - Level 13.3 Poison Magic
 - Level 6.0 Evocations


You had 7 spell levels left.
You knew the following spells:

 Your Spells              Type           Power      Damage    Failure   Level
a - Magic Dart            Conj           100%       1d8       0%          1
b - Poisonous Vapours     Pois/Air       100%       N/A       1%          2
c - Ignition              Fire           61%        3d16      1%          8
d - Fire Storm            Conj/Fire      75%        8d19      1%          9
e - Iskenderun's Mystic   Conj/Tloc      100%       2d19      0%          4
f - Iskenderun's Battles  Conj           100%       2d15      0%          5
g - Fireball              Conj/Fire      75%        3d28      0%          5
h - Orb of Destruction    Conj           76%        9d17      0%          7
i - Bombard               Conj/Erth      63%        9d10      1%          6
j - Sublimation of Blood  Necr           73%        N/A       1%          2
Q - Blink                 Tloc           100%       N/A       1%          2

Your spell library contained the following spells:

 Spells                   Type           Power      Damage    Failure   Level
 Chain Lightning          Conj/Air       62%        3d83      45%         9
 Foxfire                  Conj/Fire      100%       2x1d9     0%          1
 Kiss of Death            Conj/Necr      100%       2d13      0%          1
 Shock                    Conj/Air       100%       1d9       0%          1
 Momentum Strike          Conj/Tloc      100%       3d10      0%          2
 Scorch                   Fire           100%       2d9       0%          2
 Dazzling Flash           Conj/Hex       100%       N/A       0%          3
 Ignite Poison            Fire/Tmut/Pois 94%        N/A       0%          3
 Mephitic Cloud           Conj/Pois/Air  100%       N/A       0%          3
 Volatile Blastmotes      Fire/Tloc      100%       2d18      0%          3
 Brom's Barrelling Bould  Conj/Erth      100%       2d11      0%          4
 Flame Wave               Conj/Fire      100%       2d21      0%          4
 Starburst                Conj/Fire      75%        6d19      0%          6
 Apportation              Tloc           100%       N/A       1%          1
 Freeze                   Ice            100%       1d10      1%          1
 Necrotise                Necr           100%       1d9       1%          1
 Slow                     Hex            100%       N/A       1%          1
 Sting                    Tmut/Pois      100%       1d8       1%          1
 Summon Small Mammal      Summ           100%       N/A       1%          1
 Cigotuvi's Dreadful Rot  Necr/Pois/Air  100%       N/A       1%          2
 Jinxbite                 Hex            64%        N/A       1%          2
 Lesser Beckoning         Tloc           100%       N/A       1%          2
 Wereblood                Tmut           42%        N/A       1%          2
 Frozen Ramparts          Ice            64%        1d10      1%          3
 Gell's Gravitas          Tloc           64%        N/A       1%          3
 Inner Flame              Hex/Fire       91%        N/A       1%          3
 Swiftness                Air            62%        N/A       1%          3
 Teleport Other           Tloc           64%        N/A       1%          3
 Vampiric Draining        Necr           73%        2d11      1%          3
 Airstrike                Air            31%        2d(5-21)  1%          4
 Animate Dead             Necr           73%        N/A       1%          4
 Dispel Undead            Necr           73%        3d24      1%          4
 Manifold Assault         Tloc           64%        N/A       1%          4
 Olgreb's Toxic Radiance  Pois           95%        N/A       1%          4
 Vhi's Electric Charge    Tloc/Air       100%       N/A       1%          4
 Agony                    Necr           73%        N/A       1%          5
 Alistair's Intoxication  Tmut/Pois      49%        N/A       1%          5
 Arcjolt                  Conj/Air       62%        1d72      1%          5
 Freezing Cloud           Conj/Ice/Air   53%        6-21      1%          5
 Irradiate                Conj/Tmut      60%        3d31      1%          5
 Conjure Ball Lightning   Conj/Air       62%        3x3d22    1%          6
 Plasma Beam              Fire/Air       49%        2x1d63    1%          6
 Spellforged Servitor     Conj/Summ      59%        N/A       1%          7
 Anguish                  Hex/Necr       28%        N/A       2%          4
 Borgnjor's Vile Clutch   Necr/Erth      34%        N/A       2%          5
 Eringya's Noxious Bog    Tmut/Pois      37%        4d6       2%          6
 Call Canine Familiar     Summ           32%        N/A       3%          3
 Confusing Touch          Hex            32%        N/A       3%          3
 Ozocubu's Armour         Ice            32%        N/A       3%          3
 Sigil of Binding         Hex            32%        N/A       3%          3
 Summon Guardian Golem    Hex/Summ       32%        N/A       3%          3
 Tukima's Dance           Hex            32%        N/A       3%          3
 Leda's Liquefaction      Tmut/Erth      27%        N/A       3%          4
 Petrify                  Tmut/Erth      54%        N/A       3%          4
 Dimensional Bullseye     Hex/Tloc       25%        N/A       4%          4
 Yara's Violent Unravell  Hex/Tmut       18%        3d9       7%          5
 Death Channel            Necr           36%        N/A       11%         6
 Cause Fear               Hex            16%        N/A       12%         4
 Summon Ice Beast         Ice/Summ       32%        N/A       12%         4
 Dispersal                Tloc           32%        N/A       24%         6
 Metabolic Englaciation   Hex/Ice        16%        N/A       32%         5
 Simulacrum               Ice/Necr       28%        N/A       41%         6
 Summon Cactus Giant      Summ           16%        N/A       88%         6
 Ozocubu's Refrigeration  Ice            16%        4d11      91%         7
 Haunt                    Necr/Summ      28%        N/A       94%         7
 Enfeeble                 Hex            16%        N/A       100%        7
 Maxwell's Capacitive Co  Air            31%        ∞         94%         8
 Infestation              Necr           36%        N/A       99%         8
 Discord                  Hex            16%        N/A       100%        8
 Disjunction              Tloc           32%        N/A       100%        8
 Death's Door             Necr           36%        N/A       100%        9


Dungeon Overview and Level Annotations

Branches:
Dungeon (15/15)            Temple (1/1) D:6            Lair (5/5) D:10
  Swamp (4/4) Lair:3       Spider (4/4) Lair:3        Slime (5/5) Lair:5
    Orc (2/2) D:9             Elf (3/3) Orc:2        Vaults (5/5) D:14
  Crypt (3/3) Vaults:2       Tomb (0/3) Crypt:3      Depths (4/4) D:15
    Zot (5/5) Depths:4    Ossuary (visited)

Altars:
Ashenzari
Cheibriados
Dithmenos
Elyvilon
Fedhas
Gozag
Hepliaklqana
Kikubaaqudgha
Makhleb
Nemelex Xobeh
Okawaru
Qazlal
Ru
Sif Muna
Trog
Uskayaw
Vehumet
Wu Jian
Xom
Yredelemnul
Zin
The Shining One
Jiyva

Shops:
D:1 =[:(*   D:6 *   D:12 *   Orc:2 ==*(!*   Elf:1 :   Vaults:2 *   Vaults:3 :
Vaults:4 [   Depths:1 !

Portals:
Hell: Depths:1 Depths:2 Depths:3 Depths:4
Abyss: Vaults:2 Depths:1 Depths:3
Pandemonium: Orc:2 Depths:2 Depths:3
Ziggurat: Depths:2
Trove: D:10 (give horn of Geryon)

Annotations:
Vaults:2 2 transporters, quinnr's ghost, adept TeAE
Zot:3 4 transporters


Innate Abilities, Weirdness & Mutations

You cannot wear most types of armour.
You are amphibious.
You can wear up to eight rings at the same time.
Your skin changes colour to match your surroundings (Stealth+).
Your rubbery body absorbs attacks. (AC +1, EV +1)
((You are camouflaged when in or above water. (Stealth+)))
You have tentacles for arms and can constrict up to eight enemies at once.
You are somewhat resistant to further mutation.


Message History

There is a stone staircase leading up here.
A Yrateac, a balrug and a red devil come into view.
The balrug is wielding a +2 demon whip of pain.
The balrug shouts!
There is a stone staircase leading up here.
You fly upwards.
There is a stone staircase leading down, spattered with blood here.
What level of the Dungeon? (default 10, ? - help)
There is an open door here.
There is an open door here.
Your extra speed is starting to run out.
Magic restored.
HP restored.
You feel yourself slow down.
There is a stone staircase leading up here.
You fly upwards.
There is a stone staircase leading down here.
There is a stone staircase leading up here.
You fly upwards.
There is a stone staircase leading down here.
There is a stone staircase leading up here.
You fly upwards.
There is a stone staircase leading down here.
There is a stone staircase leading up here.
You fly upwards.
There is a stone staircase leading down here.
There is a stone staircase leading up here.
You fly upwards.
There is a stone staircase leading down here.
There is a stone staircase leading up here.
You fly upwards.
There is a stone staircase leading down here.
There is a stone staircase leading up here.
You fly upwards.
There is a stone staircase leading down here.
What level of the Dungeon? (default 1, ? - help) You're already here!
There is an open door here.
There is a staircase leading out of the dungeon here.
You have escaped!

#.# #.# #........# #.# #.#
#.##..#..## #####.# #.# #.##.#.....
......# #.# #..........
#################.#######..#.##....
......##.....................##.#..
#####.##.################..........
#.#..# ##### #.....##.##. #.#.##
####8@8#####..##.##.##. #...#
##.........##..#........ ###..##
#8.........8#..#.###..#. ###....#
#...8...8...#..#.#...... ....#.##
#8.........8#..#.###.... ...##.#
##.........##..#.# ###.. ...##.##
#.......[.##..#.# #.. .>.....#
#####'######..#.# #..
#.#.#..##########.#########.# #..


There were no monsters in sight!

Vanquished Creatures
  the Royal Jelly (Slime:5)
  7 dread liches
  4 orbs of fire
  5 ancient liches
  2 juggernauts
  Josephina (Crypt:2)
  The ghost of hito the Slayer, a veteran FoFi of Wu Jian (Depths:2)
  8 Killer Klowns
  the Lernaean hydra (Swamp:4)
  Margery (Vaults:5)
  4 curse toes
  5 caustic shrikes (Depths:4)
  10 golden dragons
  A pandemonium lord (D:12)
  Jory (Crypt:2)
  Nikola (Depths:1)
  2 electric golems
  A hellephant (Vaults:5)
  24 Orb Guardians
  Jorgrun (Elf:2)
  15 tentacled monstrosities
  11 titans
  14 liches
  13 quicksilver dragons
  2 deep elf blademasters (Elf:3)
  5 sphinxes
  19 acid blobs
  A walking earthen tome (Depths:2)
  2 deep elf master archers (Elf:3)
  3 death cobs
  4 ancient champions
  2 Executioners
  Gastronok (Lair:1)
  The ghost of Antoec the Unseen, an adept VSBr of Sif Muna (Vaults:3)
  8 storm dragons
  17 azure jellies
  8 shadow dragons
  A thorn hunter (Swamp:2)
  4 tengu reavers
  The ghost of Baxzics the Sorcerer, an adept DECj of Vehumet (Spider:3)
  4 revenants
  4 draconian knights
  4 fenstrider witches
  17 rockslimes
  Donald (Spider:1)
  5 emperor scorpions
  10 draconian shifters
  4 ghost moths
  5 draconian scorchers
  A balrug (Depths:3)
  10 deep elf sorcerers
  2 iron dragons
  15 vault wardens
  2 draconian monks (Zot:2)
  6 fire giants
  5 deep elf elementalists (Elf:3)
  11 frost giants
  A caustic shrike zombie (Crypt:3)
  7 ghouls
  2 draconian stormcallers
  3 curse skulls
  3 cacodemons
  4 orc warlords
  A juggernaut skeleton (Depths:1)
  16 stone giants
  2 reapers (Crypt:3)
  7 quicksilver oozes
  7 draconian annihilators
  4 ironbound thunderhulks
  21 ironbound preservers
  4 war gargoyles
  7 eleionomae
  18 very ugly things
  2 broodmothers
  5 formless jellyfish
  6 deep elf demonologists
  12 deep elf death magi
  6 vampire knights
  6 green draconians
  24 purple draconians
  15 dire elephants
  11 black draconians
  5 bunyips
  A bunyip (shapeshifter) (Vaults:5)
  8 white draconians
  7 spark wasps
  6 yellow draconians
  12 deep elf annihilators
  4 red draconians
  2 crystal guardians
  4 ettins
  A mummy priest (Crypt:3)
  13 jiangshi
  4 fire dragons (Depths:2)
  6 eidola
  10 deep elf high priests
  A green death (Depths:2)
  2 shambling mangroves
  13 yaktaur captains
  12 entropy weavers
  The ghost of Cicacag the Blocker, a journeyman DgFi (D:11)
  10 ice dragons
  33 vault guards
  12 great orbs of eyes
  16 hydras
  A ghost crab (Swamp:3)
  3 rakshasas
  4 spriggan air magi
  A juggernaut simulacrum (Depths:2)
  6 peacekeepers
  19 centaur warriors
  2 demonspawn (Orc:2)
  2 spriggan skeletons (Crypt:3)
  4 ironbound frosthearts
  2 catoblepae
  2 ogre magi
  3 radroaches
  5 jorogumos
  A bennu zombie (Crypt:1)
  12 alligators
  10 boulder beetles
  The ghost of BlackBloode the Destroyer, a journeyman DEVM of Vehumet (Lair:3)
  Erica (D:10)
  3 death knights
  A radroach (shapeshifter) (Depths:3)
  29 dancing weapons
  5 two-headed ogres
  13 tengu warriors
  6 thrashing horrors (Abyss:3)
  11 deep troll earth magi
  7 orc high priests (Orc:2)
  A death yak (Lair:3)
  A deep troll shaman (Depths:4)
  7 vampire magi
  Urug (D:11)
  An occultist (D:15)
  12 soul eaters
  A storm dragon zombie (Depths:2)
  15 deep elf knights
  5 hell knights
  3 spriggan berserkers
  9 demonic crawlers
  3 skysharks (Lair:5)
  2 sun demons
  2 sixfirhies
  A shadow wraith (Abyss:3)
  4 iron trolls
  A wretched star (Abyss:3)
  2 titan skeletons
  2 sun moths
  18 skeletal warriors
  12 pharaoh ants
  62 deep trolls
  11 swamp dragons
  18 bog bodies
  13 deep elf archers
  5 arcanists
  An orange crystal statue (D:12)
  4 glowing orange brains
  An anaconda zombie (Crypt:3)
  3 spriggan druids
  2 golden dragon skeletons
  10 orb spiders
  10 steelbarb worms
  18 phantasmal warriors
  7 goliath frogs
  A shadow demon (D:10)
  4 flayed ghosts
  2 spectral wolf spiders (Spider:2)
  Pikel (D:9)
  A harpy (Vaults:2)
  17 ironbound convokers
  A shadow dragon zombie (Depths:1)
  32 deep elf pyromancers
  29 deep elf zephyrmancers
  10 lindwurms
  6 starcursed masses (Abyss:3)
  A steelbarb worm (shapeshifter) (Vaults:5)
  A harpy (shapeshifter) (Depths:3)
  13 orc knights
  8 shining eyes
  10 orc sorcerers
  13 necromancers
  A fire giant zombie (Depths:1)
  8 cyclopes
  A wolf spider zombie (Spider:2)
  32 ugly things
  35 wolf spiders
  A faun (shapeshifter) (Vaults:2)
  4 manticores
  An iron dragon zombie (Depths:2)
  3 will-o-the-wisps
  10 elephants (Lair:2)
  2 jorogumo skeletons (Crypt:1)
  2 worldbinders (Abyss:3)
  21 large abominations (Abyss:3)
  23 moths of wrath
  5 eyes of devastation
  A rust devil (D:10)
  3 naga zombies (Crypt:3)
  Joseph (D:7)
  6 black mambas
  3 kobold blastminers (Orc:1)
  11 apocalypse crabs
  8 torpor snails
  4 smoke demons
  4 orange demons
  3 gargoyles
  A hellion (D:14)
  A torpor snail (shapeshifter) (Vaults:5)
  2 dire elephant zombies (Crypt:3)
  21 vault sentinels
  12 cane toads
  A centaur skeleton (Crypt:3)
  2 rime drakes
  Psyche (D:11)
  A yaktaur (shapeshifter) (D:12)
  An efreet (D:15)
  9 komodo dragons
  A tormentor (Depths:1)
  5 tengu conjurers
  7 freezing wraiths
  A kobold demonologist (D:11)
  An alligator snapping turtle skeleton (Crypt:3)
  16 yaktaurs
  An anaconda simulacrum (Crypt:2)
  A minotaur skeleton (Crypt:2)
  An orb spider zombie (Crypt:2)
  A harpy zombie (Crypt:3)
  2 red devils (Orc:2)
  An iron troll skeleton (Crypt:2)
  8 bloated husks
  3 trolls (D:9)
  13 tyrant leeches
  7 meliai
  A merfolk (shapeshifter) (Vaults:5)
  34 tarantellas
  2 tarantellas (shapeshifter)
  8 polar bears
  4 harpy skeletons
  13 hellwings (Crypt:3)
  4 wolf spider simulacra (Spider:2)
  2 raiju (Abyss:3)
  28 hornets
  10 dream sheep (Lair:5)
  4 blink frogs (Lair:2)
  3 spriggan zombies
  An ettin zombie (Depths:1)
  7 glass eyes
  A tarantella zombie (Crypt:1)
  161 slime creatures
  9 flying skulls
  3 air elementals
  21 culicivoras
  27 jumping spiders
  2 shadows
  7 wyverns
  An ettin skeleton (Crypt:3)
  A black mamba skeleton (Crypt:1)
  A vampire (D:10)
  2 ushabtiu (Crypt:3)
  29 spriggans
  20 wraiths
  2 humans (D:8)
  A basilisk (shapeshifter) (D:12)
  A water elemental (Depths:4)
  Grum (D:11)
  17 golden eyes
  45 yaks
  5 basilisks
  15 vampire mosquitoes
  3 fire elementals (Elf:2)
  3 wargs
  59 redbacks
  2 neqoxecs (Abyss:3)
  4 chaos spawn
  2 harpy simulacra (Crypt:2)
  12 swamp worms
  An acid dragon (D:6)
  An acid dragon (shapeshifter) (Depths:4)
  A naga skeleton (Crypt:3)
  14 water moccasins
  An entropy weaver zombie (Crypt:2)
  10 swamp drakes
  An ettin simulacrum (Crypt:2)
  An ice beast (D:6)
  A sky beast (D:8)
  A spriggan simulacrum (Depths:1)
  12 black bears
  31 orc warriors
  18 small abominations (Abyss:3)
  35 wolves
  5 ogres
  6 boggarts
  A phantom (D:6)
  A lemure (D:9)
  8 centaurs
  A lindwurm skeleton (Crypt:2)
  An elf zombie (Ossuary)
  5 kobold brigands
  19 bullfrogs
  2 gnoll sergeants
  An earth elemental (Elf:1)
  6 scorpions
  15 wyvern skeletons (Crypt:3)
  13 wights (D:9)
  A hornet simulacrum (D:15)
  2 electric eels (Elf:3)
  2 howler monkeys
  3 centaur zombies
  An iron imp (Abyss:3)
  A hound (D:6)
  A basilisk zombie (Crypt:1)
  23 orc priests
  7 jellies
  Jessica (D:3)
  3 iguanas
  14 orc wizards
  3 ogre zombies (Ossuary)
  9 mummies
  10 adders
  15 gnolls
  A shadow imp (D:7)
  A white imp (D:8)
  4 ufetubi
  4 adder zombies (Ossuary)
  A lava snake skeleton (Crypt:2)
  2 worms
  69 orcs
  2 bats (D:3)
  14 endoplasms
  3 giant cockroaches (D:1)
  A gnoll zombie (Ossuary)
  3 goblins
  7 hobgoblins
  2 jackals (D:3)
  21 kobolds
  7 quokkas
  7 ball pythons
  3 frilled lizards
  4 goblin zombies (Ossuary)
  4 hobgoblin zombies
  A jackal zombie (Crypt:3)
  4 kobold zombies (Ossuary)
  An orc skeleton (Crypt:1)
  An orc zombie (Ossuary)
  6 quokka zombies (Ossuary)
  7 rats
  A rat zombie (Ossuary)
  A spectral kobold (D:11)
2650 creatures vanquished.

Vanquished Creatures (collateral kills)
  A golden dragon (Vaults:5)
  An electric golem (Zot:5)
  2 tentacled monstrosities
  2 Orb Guardians (Zot:5)
  2 acid blobs
  A quicksilver dragon (Vaults:5)
  An ancient champion (Crypt:1)
  A rockslime (Slime:5)
  2 draconian monks (Zot:1)
  2 draconian annihilators (Zot:4)
  A vampire knight (Crypt:1)
  2 black draconians
  A deep elf death mage (Vaults:5)
  A purple draconian (Zot:2)
  A white draconian (Zot:1)
  A jiangshi (Crypt:1)
  A wretched star (Abyss:3)
  A phantasmal warrior (Crypt:3)
  A deep elf pyromancer (Elf:2)
  An eye of devastation (Slime:4)
  4 slime creatures
  A naga zombie (Crypt:3)
  A small abomination (Abyss:3)
  A kobold skeleton (Crypt:2)
33 creatures vanquished.

Vanquished Creatures (others)
  A deep elf zephyrmancer (Elf:1)
  A vault sentinel (Vaults:5)
  A jumping spider (Spider:3)
  352 fire vortices
  4 foxfires (Swamp:4)
359 creatures vanquished.

Grand Total: 3042 creatures vanquished

Notes
Turn   | Place    | Note
-------+----------+-------------------------------------------
     0 | D:1      | RepHenryClay the Octopode Venom Mage began the quest for
                  | the Orb.
     0 | D:1      | Reached XP level 1. HP: 11/11 MP: 3/3
   168 | D:1      | Reached XP level 2. HP: 14/17 MP: 5/5
   265 | D:1      | Found Kacs's Antique Weapon Shop.
   449 | D:1      | Found Tete's General Store.
   534 | D:1      | Found Cuckew's Armour Emporium.
   738 | D:1      | Found Ulill's Jewellery Emporium.
   891 | D:1      | Found Gege's Book Boutique.
  1158 | D:2      | Reached XP level 3. HP: 21/21 MP: 4/6
  1227 | D:1      | Learned a level 2 spell: Poisonous Vapours
  1504 | D:2      | Reached skill level 5 in Poison Magic
  1566 | D:2      | Reached XP level 4. HP: 19/27 MP: 0/7
  1742 | D:2      | Learned a level 4 spell: Olgreb's Toxic Radiance
  1904 | D:2      | Found a shimmering altar of Xom.
  1932 | D:1      | HP: 1/27 [gnoll/+0 flail (6)]
  1933 | D:1      | Gained mutation: You are somewhat resistant to further
                  | mutation. [potion of mutation]
  2106 | D:2      | Reached XP level 5. HP: 31/31 MP: 2/8
  2668 | D:3      | Found a faded altar of an unknown god.
  2771 | D:3      | Noticed Jessica
  2776 | D:3      | Killed Jessica
  3278 | D:4      | Reached XP level 6. HP: 36/36 MP: 3/9
  3851 | D:4      | Identified the amulet "Bosuc" {Regen+ Stlth+}
  4144 | D:4      | Reached XP level 7. HP: 41/41 MP: 4/10
  4493 | D:5      | Entered Level 5 of the Dungeon
  4737 | D:5      | Reached skill level 5 in Dodging
  4913 | D:5      | Reached XP level 8. HP: 37/46 MP: 5/11
  5098 | D:5      | Found an opulent altar of Gozag.
  5098 | D:5      | Found a bloodstained altar of Trog.
  5098 | D:5      | Found a hazy altar of Hepliaklqana.
  5099 | D:5      | Found a sparkling altar of Nemelex Xobeh.
  5148 | D:5      | Learned a level 3 spell: Mephitic Cloud
  5276 | D:6      | Found a sand-covered staircase.
  5311 | Ossuary  | Entered an ossuary
  6280 | D:6      | Found a staircase to the Ecumenical Temple.
  6395 | Temple   | Entered the Ecumenical Temple
  6432 | Temple   | Became a worshipper of Vehumet
  6629 | D:6      | Found Laintism's General Store.
  7283 | D:7      | Reached XP level 9. HP: 51/51 MP: 5/12
  7574 | D:7      | Found a white marble altar of Elyvilon.
  7911 | D:7      | Noticed Joseph
  8008 | D:7      | Killed Joseph
  8009 | D:7      | Reached skill level 5 in Stealth
  8263 | D:8      | Reached skill level 1 in Air Magic
  8689 | D:8      | Found an iron altar of Okawaru.
  8927 | D:8      | Noticed a hornet
  8931 | D:8      | Killed a hornet
  9018 | D:8      | Reached * piety under Vehumet
  9018 | D:8      | Offered knowledge of Magic Dart by Vehumet.
  9165 | D:8      | Reached skill level 10 in Dodging
  9174 | D:8      | Reached skill level 10 in Poison Magic
  9657 | D:9      | Found a staircase to the Orcish Mines.
  9657 | D:9      | Noticed a troll
  9664 | D:9      | Reached XP level 10. HP: 35/56 MP: 5/14
 10002 | D:9      | Found a broken altar of Ashenzari.
 10102 | D:9      | Noticed a cyclops
 10102 | D:9      | Noticed a gargoyle
 10102 | D:9      | Noticed a centaur warrior
 10245 | D:9      | Learned a level 1 spell: Magic Dart
 10323 | D:9      | Reached skill level 2 in Conjurations
 10556 | D:9      | Reached skill level 3 in Conjurations
 10741 | D:9      | Reached ** piety under Vehumet
 10742 | D:9      | Reached skill level 4 in Conjurations
 10756 | D:9      | Offered knowledge of Freeze by Vehumet.
 11312 | D:9      | Reached skill level 5 in Conjurations
 11747 | D:1      | Bought a crude scimitar for 180 gold pieces
 11747 | D:1      | Identified the +4 scimitar of Hepliaklqana's Anger {flame,
                  | +Blink rF+ rCorr Stlth+} (You bought it in a shop on level
                  | 1 of the Dungeon)
 12115 | D:9      | Noticed a manticore
 12124 | D:10     | Entered Level 10 of the Dungeon
 12373 | D:10     | Reached XP level 11. HP: 61/61 MP: 10/16
 12422 | D:10     | Noticed a deep elf archer
 12422 | D:10     | Noticed an ogre mage
 12540 | D:10     | Noticed Erica
 12565 | D:10     | Killed Erica
 12647 | D:10     | Found a staircase to the Lair.
 12925 | D:10     | Found a portal to a secret trove of treasure.
 13050 | D:10     | Offered knowledge of Scorch by Vehumet.
 13181 | D:10     | Noticed a two-headed ogre
 13211 | D:10     | Killed a two-headed ogre
 13257 | D:10     | Reached skill level 5 in Spellcasting
 13453 | Lair:1   | Entered Level 1 of the Lair of Beasts
 13548 | Lair:1   | Noticed Gastronok
 13791 | Lair:1   | Killed Gastronok
 13897 | Lair:1   | Reached *** piety under Vehumet
 14560 | D:1      | Bought a book of the Spheres for 640 gold pieces
 14566 | D:1      | Learned a level 5 spell: Iskenderun's Battlesphere
 15180 | Lair:2   | Reached XP level 12. HP: 66/66 MP: 19/19
 15299 | Lair:2   | Reached skill level 6 in Conjurations
 15374 | Lair:2   | Reached skill level 7 in Conjurations
 15447 | Lair:2   | Offered knowledge of Frozen Ramparts by Vehumet.
 15498 | Lair:2   | Upgraded the game from 0.31-a0-1267-gfedaa18580 to
                  | 0.31-a0-1278-g11c5b68f87
 15501 | Lair:2   | Reached skill level 8 in Conjurations
 15609 | D:10     | Learned a level 5 spell: Fireball
 15663 | Orc:1    | Entered Level 1 of the Orcish Mines
 16095 | Orc:1    | Reached skill level 1 in Fire Magic
 16534 | Orc:1    | Noticed an ettin
 16560 | Orc:1    | Killed an ettin
 16561 | Orc:1    | Reached skill level 9 in Conjurations
 16684 | Orc:1    | Reached **** piety under Vehumet
 17165 | D:1      | Bought a book of Weapons for 280 gold pieces
 17369 | D:11     | Found a hazy altar of Hepliaklqana.
 17408 | D:11     | Noticed a two-headed ogre
 17418 | D:11     | Killed a two-headed ogre
 17672 | D:11     | Offered knowledge of Inner Flame by Vehumet.
 17699 | D:11     | Learned a level 4 spell: Iskenderun's Mystic Blast
 17727 | D:11     | Noticed Grum
 17734 | D:11     | Killed Grum
 17735 | D:11     | Reached skill level 1 in Translocations
 17944 | D:11     | Noticed a tengu warrior
 17948 | D:11     | Killed a tengu warrior
 18033 | D:11     | Noticed Urug
 18106 | D:11     | Reached XP level 13. HP: 71/71 MP: 22/22
 18186 | D:11     | Killed Urug
 18546 | D:11     | Found a runed translucent door.
 18546 | D:11     | Noticed Cicacag's ghost (journeyman DgFi)
 18575 | D:11     | Noticed Psyche
 18578 | D:11     | Killed Psyche
 18583 | D:11     | Reached skill level 5 in Translocations
 18805 | D:6      | Reached skill level 10 in Conjurations
 20264 | Lair:2   | Reached ***** piety under Vehumet
 20314 | Lair:2   | Offered knowledge of Fulminant Prism by Vehumet.
 20434 | Lair:2   | Reached skill level 11 in Conjurations
 20606 | Lair:2   | Identified a scroll of acquirement
 20692 | Lair:2   | Acquired the ring "Ciechuxy" {Str+2 Dex+6 Slay+3 SInv
                  | Stlth+}
 21065 | Lair:3   | Found a staircase to the Swamp.
 21326 | Lair:3   | Found a hole to the Spider Nest.
 21986 | Lair:3   | Found a runed translucent door.
 21989 | Lair:3   | Noticed BlackBloode's ghost (journeyman DEVM)
 21990 | Lair:3   | Identified the +8 trident of Cocytus {flame, Will+}
 22879 | Lair:4   | Reached XP level 14. HP: 76/76 MP: 23/23
 23755 | Lair:5   | Entered Level 5 of the Lair of Beasts
 23762 | Lair:5   | Reached skill level 1 in Shields
 24102 | Lair:5   | Reached skill level 5 in Shields
 24846 | Lair:5   | Reached skill level 1 in Fighting
 24914 | Lair:5   | Offered knowledge of Arcjolt by Vehumet.
 24942 | Lair:5   | Reached skill level 15 in Dodging
 25670 | Lair:5   | Found a viscous altar of Jiyva.
 25672 | Lair:5   | Found a staircase to the Slime Pits.
 25790 | Lair:5   | Identified the amulet of Teoliega {Reflect Str-4 Int+4
                  | Dex+2 SH+5}
 26328 | Lair:5   | Found a viscous altar of Jiyva.
 26337 | Lair:5   | Found a staircase to the Slime Pits.
 26671 | Orc:2    | Entered Level 2 of the Orcish Mines
 26671 | Orc:2    | Found Geddor's Jewellery Boutique.
 26877 | Orc:2    | Noticed an orc warlord
 27019 | Orc:2    | Found Aeuzusch's Alliterative Armaments.
 27071 | Orc:2    | Killed an orc warlord
 27205 | Orc:2    | Found a radiant altar of Vehumet.
 27372 | Orc:2    | Found a staircase to the Elven Halls.
 28122 | Orc:2    | Found Utwa's General Store.
 28125 | Orc:2    | Found Ylizam's Distillery.
 28296 | Orc:2    | Bought a scroll of teleportation for 39 gold pieces
 28586 | Orc:2    | Offered knowledge of Eringya's Noxious Bog by Vehumet.
 28593 | Orc:2    | Found Luisinia's Jewellery Shoppe.
 28593 | Orc:2    | Found a one-way gate leading to the halls of Pandemonium.
 28595 | Orc:2    | Found Temuosip's Antique Weapon Emporium.
 28759 | Orc:2    | Reached XP level 15. HP: 90/90 MP: 26/26
 29470 | Orc:2    | Bought the ring "Hyduscha" {rPois rC+ Str-3 Dex+4} for 469
                  | gold pieces
 29663 | Lair:3   | Killed BlackBloode's ghost
 29679 | Lair:3   | Identified the ring "Ytzegu" {AC+4 Str+6}
 29807 | D:9      | Noticed Pikel
 29810 | D:9      | Reached skill level 5 in Fighting
 29810 | D:9      | Killed Pikel
 31173 | D:12     | Found Gioruphi's Serpentskin Sales.
 31302 | D:12     | Identified the +11 halberd "Conservator" {vamp, rN+++ MP-9
                  | Str-5 Int+3 SInv}
 31302 | D:12     | Noticed a fire giant
 31302 | D:12     | Found a runed translucent door.
 31304 | D:12     | Noticed a frost giant
 31718 | D:13     | Identified the granite talisman "Hoastruirph" {rF+ rN+++
                  | Str-3 Stlth+}
 31790 | D:13     | Offered knowledge of Plasma Beam by Vehumet.
 33388 | D:14     | Identified the +3 ring mail "Bily" {*Corrode rElec Stlth+}
 33430 | D:13     | Learned a level 7 spell: Orb of Destruction
 33552 | D:14     | Reached skill level 12 in Conjurations
 34423 | D:14     | Found a gate to the Vaults.
 34587 | D:14     | Reached XP level 16. HP: 98/98 MP: 24/29
 34781 | D:15     | Entered Level 15 of the Dungeon
 34789 | D:15     | Reached skill level 13 in Conjurations
 35483 | D:15     | Found a glowing golden altar of the Shining One.
 35553 | D:15     | Reached skill level 14 in Conjurations
 36199 | D:15     | Found a staircase to the Depths.
 36548 | Orc:2    | Bought the ring of Terra Nullius {Fly rF+} for 409 gold
                  | pieces
 36979 | Spider:1 | Entered Level 1 of the Spider Nest
 36990 | Lair:3   | Reached skill level 15 in Conjurations
 37451 | Lair:3   | Offered knowledge of Yara's Violent Unravelling by Vehumet.
 38317 | Spider:1 | Noticed Donald
 38327 | Spider:1 | Reached skill level 1 in Evocations
 38363 | Spider:1 | Reached skill level 1 in Staves
 38417 | Spider:1 | Killed Donald
 38978 | Spider:2 | Reached XP level 17. HP: 103/103 MP: 30/30
 39571 | Spider:2 | Reached skill level 5 in Evocations
 39845 | Spider:2 | Reached skill level 5 in Staves
 40607 | Spider:3 | Reached skill level 16 in Conjurations
 40691 | Spider:3 | Offered knowledge of Irradiate by Vehumet.
 41443 | Spider:3 | Identified the +0 ring mail of Niddo {^Drain rC+ rN+ Int+2}
 41639 | Spider:3 | Found a runed translucent door.
 41639 | Spider:3 | Found a shimmering altar of Xom.
 41640 | Spider:3 | Noticed Baxzics's ghost (adept DECj)
 41887 | Spider:4 | Entered Level 4 of the Spider Nest
 42598 | Spider:4 | Reached ****** piety under Vehumet
 42710 | Spider:4 | Reached XP level 18. HP: 108/108 MP: 25/31
 43136 | Spider:4 | Reached skill level 17 in Conjurations
 43654 | Spider:4 | Offered knowledge of Bombard by Vehumet.
 44108 | Spider:4 | Got a gossamer rune of Zot
 44475 | Swamp:1  | Entered Level 1 of the Swamp
 44488 | Swamp:1  | Reached skill level 10 in Spellcasting
 44521 | Lair:3   | Learned a level 6 spell: Bombard
 44859 | D:1      | Bought a Trismegistus Codex for 260 gold pieces
 45899 | Swamp:2  | Offered knowledge of Fire Storm by Vehumet.
 45899 | Swamp:2  | Offered knowledge of Chain Lightning by Vehumet.
 45899 | Swamp:2  | Offered knowledge of Ignition by Vehumet.
 46232 | Swamp:2  | Acquired the ring "Besid" {+Blink rF+ Str+4 Slay+4}
 47259 | Swamp:2  | Noticed a tentacled monstrosity
 47264 | Swamp:2  | Killed a tentacled monstrosity
 47585 | Swamp:3  | Reached skill level 10 in Staves
 47842 | Swamp:3  | Reached XP level 19. HP: 113/113 MP: 25/34
 47953 | Swamp:3  | Noticed a tentacled monstrosity
 47962 | Swamp:3  | Killed a tentacled monstrosity
 48511 | Swamp:4  | Entered Level 4 of the Swamp
 48544 | Swamp:4  | Noticed a tentacled monstrosity
 48696 | Swamp:4  | Killed a tentacled monstrosity
 48697 | Swamp:4  | Reached skill level 5 in Fire Magic
 50218 | Swamp:4  | Noticed the 27-headed Lernaean hydra
 50261 | Swamp:4  | Killed the 27-headed Lernaean hydra
 50500 | Swamp:4  | Got a decaying rune of Zot
 50771 | Elf:1    | Entered Level 1 of the Elven Halls
 50825 | Elf:1    | Paralysed by an air elemental for 1 turns
 50839 | Elf:1    | Learned a level 3 spell: Ignite Poison
 50923 | Elf:1    | Paralysed by an air elemental for 1 turns
 51173 | Elf:1    | Acquired the ring "Fahul" {rF- rN+ Will++ Slay+4}
 51378 | Elf:1    | Acquired the +4 lajatang of Floods {heavy, ^Contam Will+++
                  | Int+5}
 51480 | Elf:1    | Found Qoiseb's Book Shoppe.
 52049 | Elf:2    | Found a runed translucent gate.
 52055 | Elf:2    | Found a runed translucent gate.
 52056 | Elf:2    | Found a runed translucent gate.
 52065 | Elf:2    | Reached XP level 20. HP: 119/119 MP: 35/35
 52119 | Elf:2    | Reached skill level 10 in Fire Magic
 52602 | Elf:3    | Entered Level 3 of the Elven Halls
 52604 | Elf:3    | Upgraded the game from 0.31-a0-1278-g11c5b68f87 to
                  | 0.31-a0-1300-gb6740aa4e6
 53951 | Vaults:1 | Entered Level 1 of the Vaults
 54079 | Vaults:1 | Acquired 208 gold pieces
 54158 | Vaults:1 | Reached skill level 18 in Conjurations
 55813 | Vaults:1 | Found the +1 cloak of Starlight {*Dazzle EV+4 Stlth--}
 56291 | Vaults:2 | Reached XP level 21. HP: 71/124 MP: 18/36
 56495 | Vaults:2 | Identified the +5 rapier "Qozxa" {holy, Str-4 Dex+5}
 57595 | Vaults:2 | Found a staircase to the Crypt.
 57643 | Vaults:2 | Found Fino's Assorted Antiques.
 57651 | Vaults:2 | Bought a scroll of teleportation for 102 gold pieces
 57673 | Vaults:2 | Noticed quinnr's ghost (adept TeAE)
 57675 | Vaults:2 | Found a one-way gate to the infinite horrors of the Abyss.
 57697 | Vaults:2 | Found a transporter.
 57700 | Vaults:2 | Found a transporter.
 57759 | Vaults:2 | Reached skill level 15 in Fire Magic
 58238 | Vaults:2 | You are sucked into a shaft and drop 1 floor!
 58239 | Vaults:3 | Found a runed translucent door.
 58973 | Vaults:3 | Identified the +4 arbalest of Plague {speed, Will+ Dex+3}
 59297 | Vaults:3 | Found Jotzeate's Book Shop.
 59778 | Vaults:3 | Noticed Antoec's ghost (adept VSBr)
 59868 | Vaults:3 | Reached skill level 10 in Stealth
 60675 | Vaults:4 | Found Merer's Armour Boutique.
 61281 | Vaults:4 | Identified the +7 war axe of Youthful Indiscretion {heavy,
                  | rPois rC- rN+++ Str-5}
 61688 | Vaults:4 | Reached XP level 22. HP: 110/129 MP: 31/37
 62386 | Vaults:4 | Reached skill level 1 in Earth Magic
 62878 | Vaults:4 | Learned a level 8 spell: Ignition
 63282 | Elf:3    | Reached skill level 5 in Earth Magic
 64253 | Elf:3    | Identified the +8 spear of Ynimarph {speed, ^Fragile +Blink
                  | rF+ rN+}
 64317 | Elf:3    | Got the Precepts of Violence and Companions
 64328 | Elf:3    | Identified the staff "Beetlebane" {^Drain rElec rPois Dex-2
                  | Tloc Air}
 64452 | Elf:3    | Identified the amulet "Laniz" {Reflect ^Fragile rF+ rN++
                  | SH+5 Stlth+}
 64470 | Elf:3    | Identified the +2 cloak of the Sky {Harm rElec rF+ Str-4}
 64480 | Elf:3    | Identified the amulet "Tofucviliwk" {^Drain +Inv rPois rF++
                  | Regen+}
 64775 | Depths:1 | Entered Level 1 of the Depths
 64807 | Depths:1 | Noticed a juggernaut
 64808 | Depths:1 | Noticed Nikola
 65321 | D:1      | Bought an Inescapable Atlas for 160 gold pieces
 65324 | D:1      | Learned a level 2 spell: Blink
 65858 | D:15     | Killed a juggernaut
 66404 | Depths:1 | Killed Nikola
 66669 | Depths:1 | Found a gateway to Hell.
 66734 | Depths:1 | Found Bossuura's Distillery.
 67660 | Depths:1 | Found a basalt altar of Yredelemnul.
 67815 | Depths:2 | Found a one-way gateway to a ziggurat.
 68209 | Depths:2 | Reached XP level 23. HP: 121/135 MP: 15/40
 68394 | Depths:2 | Noticed an ancient lich
 68394 | Depths:2 | Noticed hito's ghost (veteran FoFi)
 68731 | Depths:2 | Learned a level 9 spell: Fire Storm
 69372 | Depths:2 | Found a blossoming altar of Fedhas.
 69376 | Depths:2 | Found a runed translucent door.
 69596 | Depths:2 | Found a runed translucent door.
 70350 | Depths:2 | Reached skill level 19 in Conjurations
 72808 | Depths:3 | Acquired the +0 buckler of the Blessed Realm {Harm Dex+3
                  | Slay+2}
 72861 | Depths:4 | Entered Level 4 of the Depths
 72864 | Depths:4 | Noticed a juggernaut
 72872 | Depths:4 | Killed a juggernaut
 73167 | Depths:4 | Noticed a caustic shrike
 73249 | Depths:4 | Killed a caustic shrike
 73531 | Depths:4 | Noticed a golden dragon
 73537 | Depths:4 | Killed a golden dragon
 73803 | Depths:4 | Noticed a golden dragon
 73813 | Depths:4 | Killed a golden dragon
 73906 | Depths:4 | Reached skill level 20 in Conjurations
 74119 | Depths:4 | Noticed a caustic shrike
 74119 | Depths:4 | Noticed a caustic shrike
 74119 | Depths:4 | Noticed a caustic shrike
 74121 | Depths:4 | Noticed a caustic shrike
 74122 | Depths:4 | Killed a caustic shrike
 74122 | Depths:4 | Killed a caustic shrike
 74122 | Depths:4 | Killed a caustic shrike
 74128 | Depths:4 | Killed a caustic shrike
 74129 | Depths:4 | Reached XP level 24. HP: 140/140 MP: 14/41
 74579 | Depths:4 | Found a gate to the Realm of Zot.
 75055 | D:11     | Killed Cicacag's ghost
 75349 | D:12     | Identified the +6 morningstar "Athies" {speed, rPois rF+++
                  | Will- Stlth+}
 75352 | D:12     | Got the Lectures on Firn and the Jinx
 75813 | Spider:3 | Killed Baxzics's ghost
 76150 | Elf:2    | Noticed Jorgrun
 76156 | Elf:2    | Killed Jorgrun
 77577 | Vaults:3 | Killed Antoec's ghost
 77713 | Vaults:5 | Entered Level 5 of the Vaults
 77718 | Vaults:5 | Reached skill level 21 in Conjurations
 77722 | Vaults:5 | Noticed Margery
 77860 | Vaults:5 | Killed Margery
 78047 | Vaults:5 | Noticed a dread lich
 78409 | Vaults:5 | Noticed an ancient lich
 78420 | Vaults:5 | Killed an ancient lich
 78425 | Vaults:5 | Identified the +5 scale mail of the Nexus {Str+2}
 78456 | Vaults:5 | Reached XP level 25. HP: 97/144 MP: 40/41
 78593 | Vaults:5 | Killed a dread lich
 78688 | Vaults:5 | Reached skill level 22 in Conjurations
 79000 | Vaults:5 | Identified the ring of Molodi {Will+ Dex+6}
 79011 | Vaults:5 | Identified the ring "Yniel" {Dex+6 Stlth+}
 79297 | Vaults:5 | Got a silver rune of Zot
 79503 | Vaults:5 | Got Taogid's Grimoire of the Body
 79728 | Vaults:5 | Acquired 729 gold pieces
 80374 | Vaults:5 | Identified the ring "Nyhax" {*Slow rElec rC+ Str+6}
 80550 | Vaults:5 | Identified the amulet "Raonga" {Acrobat rElec rC- rN+
                  | Dex+4}
 82216 | Slime:1  | Entered Level 1 of the Pits of Slime
 83852 | Slime:4  | Reached skill level 23 in Conjurations
 85319 | Slime:5  | Entered Level 5 of the Pits of Slime
 85885 | Slime:5  | Noticed the Royal Jelly
 86329 | Slime:5  | Killed the Royal Jelly
 86699 | Slime:5  | Reached XP level 26. HP: 151/151 MP: 41/41
 86927 | Slime:5  | Identified the staff of Jidoq {Fly rElec Ice Air}
 86935 | Slime:5  | Identified the +9 broad axe of Liviuge {freeze, Str+3}
 86939 | Slime:5  | Got a slimy rune of Zot
 86947 | Slime:5  | Found the +9 staff of Olgreb {rPois∞}
 86990 | Slime:5  | Identified the +7 sling "Fisait" {heavy, Will+ rCorr Str-5}
 86996 | Slime:5  | Got the Tractate on Fey Direction
 87004 | Slime:5  | Got the Vellum of the Snake and Execration
 88210 | Crypt:1  | Entered Level 1 of the Crypt
 88658 | Crypt:1  | Reached skill level 24 in Conjurations
 90240 | Crypt:2  | Noticed Jory
 90244 | Crypt:2  | Killed Jory
 90278 | Crypt:2  | Identified the ring of the Nightingale {Ice rN+ Stlth+}
 90278 | Crypt:2  | Noticed Josephina
 90395 | Crypt:2  | Killed Josephina
 90654 | Crypt:3  | Entered Level 3 of the Crypt
 91293 | Crypt:3  | Identified the +1 short sword "Arraf" {flame, +Blink rPois
                  | rN++ Dex-4}
 91293 | Crypt:3  | Identified the ring of Vampiric Thralls {rN+ Str+4}
 91482 | Crypt:3  | Found an ancient bone altar of Kikubaaqudgha.
 91728 | Crypt:3  | Identified the ring "Muulletuff" {rC- rN+ Dex+2 SInv}
 91812 | Crypt:3  | Noticed a dread lich
 91813 | Crypt:3  | Killed a dread lich
 91868 | Crypt:3  | Identified the +6 scale mail of Fybbuzuk {^Drain Will+
                  | rCorr}
 92073 | Crypt:3  | Identified the amulet "Boxas" {Regen+ Dex+3}
 92667 | Crypt:3  | Got the Tome of the Frostbound Damned
 92847 | Crypt:3  | Reached XP level 27. HP: 134/165 MP: 10/41
 92966 | Crypt:3  | Found a staircase to the Tomb.
 93129 | Crypt:3  | Got the Treatise on Bones
 93275 | Crypt:3  | Learned a level 2 spell: Sublimation of Blood
 93463 | Vaults:1 | Reached skill level 1 in Necromancy
 93619 | Depths:1 | Voluntarily entered the Abyss.
 93619 | Abyss:1  | Found a corrupted altar of Lugonu.
 93622 | Abyss:1  | Found a corrupted altar of Lugonu.
 93876 | Abyss:3  | Found a corrupted altar of Lugonu.
 93912 | Abyss:3  | Found a corrupted altar of Lugonu.
 94065 | Abyss:3  | Reached skill level 5 in Necromancy
 94150 | Abyss:3  | Got an abyssal rune of Zot
 94161 | Depths:1 | Escaped the Abyss
 94351 | Zot:1    | Entered Level 1 of the Realm of Zot
 94837 | Zot:1    | Reached skill level 15 in Stealth
 95486 | Zot:1    | Noticed an orb of fire
 95492 | Zot:1    | Killed an orb of fire
 97196 | Zot:2    | Reached skill level 25 in Conjurations
 98270 | Zot:3    | Found a transporter.
 98271 | Zot:3    | Found a transporter.
 98273 | Zot:3    | Found a transporter.
 98296 | Zot:3    | Found a transporter.
 98471 | Zot:3    | Reached skill level 10 in Fighting
 99740 | Zot:4    | Identified the +10 hand axe of Lies {heavy, Str+2}
 99818 | Zot:4    | Identified the +0 ring mail "Okhlo" {rElec rN+ Int-4 Dex+2}
101116 | Zot:4    | Identified the ring of Inor {rCorr AC+4}
101121 | Zot:4    | Identified the ring "Haxoll" {rN+ Will+ Int+4}
101220 | Zot:5    | Entered Level 5 of the Realm of Zot
102022 | Zot:5    | Noticed a dread lich
102026 | Zot:5    | Killed a dread lich
102188 | Zot:5    | Noticed an orb of fire
102193 | Zot:5    | Killed an orb of fire
102309 | Zot:5    | Noticed a dread lich
102311 | Zot:5    | Killed a dread lich
102421 | Zot:5    | Noticed a dread lich
102422 | Zot:5    | Noticed an ancient lich
102424 | Zot:5    | Killed an ancient lich
102425 | Zot:5    | Reached skill level 26 in Conjurations
102425 | Zot:5    | Killed a dread lich
102739 | Zot:5    | Reached skill level 15 in Spellcasting
102872 | Zot:5    | Noticed an ancient lich
102875 | Zot:5    | Killed an ancient lich
103151 | Zot:5    | Noticed an ancient lich
103153 | Zot:5    | Killed an ancient lich
103767 | Zot:5    | Noticed an orb of fire
103771 | Zot:5    | Killed an orb of fire
103912 | Zot:5    | Noticed an orb of fire
103921 | Zot:5    | Noticed a dread lich
103921 | Zot:5    | Noticed a dread lich
104105 | Zot:5    | Killed an orb of fire
104503 | Zot:5    | Killed a dread lich
104510 | Zot:5    | Killed a dread lich
105651 | Depths:2 | Killed hito's ghost
105868 | Depths:2 | Killed an ancient lich
106272 | Zot:5    | Got the Orb of Zot
106407 | Depths:4 | Noticed Kourghek the pandemonium lord
106590 | D:12     | Noticed Ajicieli the pandemonium lord
106593 | D:12     | Killed Ajicieli the pandemonium lord
106638 | D:9      | Noticed Tiahacaf the pandemonium lord
106671 | D:10     | Noticed Wann the pandemonium lord
106712 | D:9      | Noticed Yrateac the pandemonium lord
106852 | D:$      | Escaped with the Orb!

Illustrated notes

Levels and vault maps discovered:
D:1:      mrwooster_arrival_statue_3, layout_basic, serial_shops, shop, shop,
          nicolae_shop_dealshenge, nicolae_diamond_shop, shop,
          chequers_big_river, hangedman_abyss_or_decor_lesser_grid
D:2:      layout_rooms, basic_altar
D:3:      layout_loops_ring, ebering_ecumenical_altar_rust,
          kennysheep_jessica_study
D:4:      layout_gridville
D:5:      layout_rooms, chequers_temple_overflow_statue_of_worship
D:6:      cheibrodos_barr_body, layout_cave_pools, minmay_temple_entry_arrows,
          gup_ossuary_entry_pyramid, serial_shops, shop, dreamdust_wishing_well,
          minmay_door_square
D:7:      layout_basic, overflow_temple_1_default, uniq_joseph
D:8:      minmay_recursive_quarters, layout_loops_corners, okawaru_humans,
          chequers_serial_rivers_micro_d
D:9:      minmay_the_grid_triangle_9x9_recursive_2_mashed
          [minmay_the_grid_triangle_9x9_prize_top_heavy,
          minmay_the_grid_triangle_9x9_limited_checkers,
          minmay_the_grid_triangle_9x9_minimal,
          minmay_the_grid_triangle_9x9_intruding_spiral], layout_cave_pods,
          mainiacjoe_overflow_brackets, kennysheep_orc_monster_closet_entryway,
          serial_rivers, chequers_serial_rivers_large_b,
          chequers_serial_rivers_small_3, chequers_serial_rivers_room_b,
          chequers_serial_rivers_marsh, chequers_serial_rivers_large_a,
          uniq_pikel
D:10:     layout_gridville, due_lair_maze_entry_diamond, enter_trove_1,
          onia_ninara_dug_in_and_dangerous, uniq_erica
D:11:     layout_basic, gammafunk_ghost_grave, fungi_pond_lemuel,
          nicolae_hepliaklqana_monster_ancestors, uniq_grum, uniq_urug,
          uniq_psyche
D:12:     minmay_gate_of_8, layout_loops_ring, minivault_16, guppyfry_shop_venom
D:13:     layout_loops_ring
D:14:     layout_cave_pods, lightli_vaults_fourway_checkpoint
D:15:     grunt_enter_depths_snipers, layout_gridville,
          nicolae_tso_carved_into_rock, minmay_lindwurm_lava
Temple:   regret_index_temple_waves
Lair:1:   gammafunk_indiana_jones, layout_small_grid, uniq_gastronok
Lair:2:   layout_regular_city, minivault_26, beast_lair_carwin_5
Lair:3:   layout_small_grid, minmay_swamp_entry_swarm,
          spider_nest_entry_web_field, ebering_ghost_funeral_grove
Lair:4:   layout_loops_ring, infiniplex_staircase_pool_2
Lair:5:   minmay_lair_end_enchanted_forest, layout_small_grid,
          dpeg_slime_entry_corner, grunt_megastairs_2
Swamp:1:  layout_basic_swamp, evilmike_swamp_ruin_rubble_2, swamp_pool_3,
          nicolae_swamp_feature_on_the_river_bank
Swamp:2:  nzn_winding_woodlands_three_and_one
          [nzn_winding_woodlands_5x15_sawtooth,
          nzn_winding_woodlands_5x15_garden,
          nzn_winding_woodlands_5x15_split_checker,
          nzn_winding_woodlands_center_lodge], layout_falls_marsh,
          evilmike_swamp_ruin_house_4, nicolae_swamp_decorative_isthmus,
          infiniplex_staircase_pool
Swamp:3:  layout_basic_swamp, evilmike_swamp_ruin_house_5
Swamp:4:  grunt_swamp_rune_castle, layout_basic_swamp,
          evilmike_swamp_ruin_house_3, swamp_pool_4,
          tekkud_bubbles_buried_in_this_jungle
Spider:1: layout_spider_delve, uniq_donald
Spider:2: layout_cave_pods, nicolae_spider_undead_wolf_pack
Spider:3: nicolae_spider_mines_2, ebering_ghost_xom
Spider:4: hellmonk_spider_rune_bug_friends, nicolae_spider_baby_got_redback
Slime:1:  layout_caves
Slime:2:  layout_caves
Slime:3:  layout_caves
Slime:4:  cheibrodos_slime_lost_civilization_10, layout_caves
Slime:5:  slime_pit_nicolae_block_by_block
Orc:1:    layout_caves
Orc:2:    pf_orc_diabolical, layout_caves, basic_altar, serial_shops,
          nicolae_shop_tiny_statue_garden, monkooky_shop_alliterative
Elf:1:    kennysheep_ambush_hall, layout_rooms, serial_shops,
          nicolae_shop_gibbet_a_chance, kennysheep_underground_church,
          lemuel_upstairs_altar
Elf:2:    elven_hall_of_blades_hangedman_original
          [nicolae_blade_entry_diamond_columns], layout_gridlike, uniq_jorgrun
Elf:3:    minmay_elf_hall_dome, layout_geoelf_castle, guppyfry_library_mini
Vaults:1: v_misc_5, nicolae_vaults_shock_wave, ontoclasm_vaults_loading_screen,
          hangedman_vaults_corner_blocks, nicolae_vaults_frosty_reception,
          ontoclasm_vaults_pinch, v_rooms_6, nicolae_vaults_oval_intersection,
          nicolae_vaults_trapezoid_4, grunt_vaults_hallway_short,
          layout_vaults_chaotic_city
Vaults:2: gammafunk_ghost_abyssal_escape, hangedman_vaults_variations, v_misc_5,
          minmay_crypt_entry_simple_box, ontoclasm_vaults_ring_square,
          hangedman_vaults_unwind, nicolae_vaults_trapezoid_4,
          nicolae_vaults_closet_pinwheel_2, grunt_vaults_diagonal,
          hangedman_vaults_trim, nicolae_vaults_little_squares_5,
          nicolae_vaults_crenellated_ambush, layout_vaults_omnibox,
          serial_shops, shop
Vaults:3: ebering_ghost_reflecting_pool, nicolae_vaults_hexular_roomagon,
          ontoclasm_vaults_hangar, v_misc_1, nicolae_vaults_ring_of_whatevers,
          nicolae_vaults_offset_grid_hallway_3, v_pattern_3, v_misc_16,
          st_cells, nicolae_vaults_trapezoid_1, nicolae_vaults_tetromino_Z_1,
          layout_vaults_omnigrid, serial_shops, nicolae_shop_mannequins
Vaults:4: nicolae_vaults_storage_closets_2, ontoclasm_vaults_ring_small,
          grunt_vaults_twisty, nicolae_vaults_shipping_containers_5,
          hangedman_vaults_locks, ontoclasm_vaults_claustrophobia, v_rooms_2,
          ontoclasm_vaults_ring_small, vaults_room_hallway, v_misc_26,
          nicolae_vaults_taking_the_gang_shopping, layout_vaults_omnicross
Vaults:5: serial_shops, uniq_margery
Crypt:1:  layout_rooms, st_stairs_14, small_statue_intersection,
          grunt_megastairs_4
Crypt:2:  layout_misc_corridors, uniq_jory, uniq_josephina
Crypt:3:  evilmike_haunted_forest
Depths:1: layout_forbidden_donut, hell_entry, serial_shops,
          nicolae_shop_industrial_runoff, abyss_entry,
          lemuel_zombie_altar_yredelemnul, uniq_nikola
Depths:2: grunt_house_of_mirrors, layout_gridlike, enter_ziggurat_e,
          muffindrake_ghost_dual_entry, minmay_crystal_water,
          rand_demon_pan_entry_3, hell_entry, fedhas_altar_1
Depths:3: evilmike_horseshoe, layout_gridville, abyss_entry,
          roderic_filled_cross, lightli_too_deep, rand_demon_pan_entry_1,
          serial_co_window_serial, co_window_paths_a, co_window_paths_b,
          co_window_paths_a, co_window_of_opportunity_a, co_window_corner_a,
          co_window_paths_a, co_window_corner_a, co_window_corner_ca,
          co_window_cross_4, glass_columns_a, glass_columns_b, glass_columns_b,
          glass_columns_b, glass_columns_b, serial_bayou_shore_b
Depths:4: evilmike_zot_entry_diamond, layout_cave_shapes, fountainhead,
          hell_entry, grunt_megastairs_3
Zot:1:    layout_basic, regret_index_zotdec_wing_it
Zot:2:    cheibrodos_zot_enchanting_chambers, layout_gridlike,
          regret_index_zotdec_icy_dp
Zot:3:    layout_gridlike, st_stairs_7, nicolae_diode_quadrants
Zot:4:    gammafunk_mikee_crab_dinner, layout_cathedral_of_symmetry
Zot:5:    layout_gridlike

Skill      XL: |  1  2  3  4  5  6  7  8  9 10 11 12 13 14 15 16 17 18 19 20 21 22 23 24 25 26 27 |
---------------+----------------------------------------------------------------------------------+-----
Stealth        | 3 5 10 21 | 21.0
Poison Magic   | 4 5 6 7 8 10 11 13 | 13.3
Dodging        | 3 6 9 10 11 12 14 15 17 18 19 20 23 | 23.2
Spellcasting   | 3 5 6 7 9 11 13 14 16 | 16.0
Air Magic      | 3 4 |  4.5
Conjurations   | 5 9 11 12 15 16 17 18 20 21 23 24 26 | 26.7
Fire Magic     | 3 9 13 17 18 20 21 23 24 | 24.1
Translocations | 3 5 |  5.0
Shields        | 7 |  7.0
Fighting       | 3 5 8 10 | 10.0
Evocations     | 4 6 |  6.0
Staves         | 3 8 10 12 | 12.0
Earth Magic    | 5 |  5.0
Necromancy     | 7 |  7.0
Transmutations | |  1.2

Action                     |  1- 3 |  4- 6 |  7- 9 | 10-12 | 13-15 | 16-18 | 19-21 | 22-24 | 25-27 || total
---------------------------+-------+-------+-------+-------+-------+-------+-------+-------+-------++-------
  Melee: Unarmed           |    28 |     7 |       |       |       |       |       |       |       ||    35
         Tentacles         |     8 |    15 |    86 |    46 |    20 |    24 |    33 |   101 |   241 ||   574
         Constrict         |     6 |    12 |    63 |    23 |     7 |    14 |    12 |    18 |    64 ||   219
         Short sword       |       |    31 |   117 |    70 |       |       |       |       |       ||   218
         Punch             |       |     1 |     7 |     7 |       |     4 |     3 |    10 |    19 ||    51
         Mace              |       |       |   137 |       |       |       |       |       |       ||   137
         Scimitar          |       |       |       |    72 |     6 |       |       |       |       ||    78
         Staff             |       |       |       |     2 |    45 |    66 |    88 |   205 |   556 ||   962
   Cast: Sting             |    57 |   106 |   105 |    68 |       |       |       |       |       ||   336
         Poisonous Vapours |     1 |     7 |    16 |    44 |   118 |    87 |   115 |     6 |       ||   394
         Olgreb's Toxic Ra |       |       |     7 |    28 |    49 |    61 |    68 |     4 |       ||   217
         Mephitic Cloud    |       |       |    10 |    31 |    30 |     8 |       |       |       ||    79
         Magic Dart        |       |       |       |   127 |   376 |   309 |   328 |   101 |     4 ||  1245
         Iskenderun's Batt |       |       |       |    25 |   117 |    99 |    92 |    53 |     1 ||   387
         Fireball          |       |       |       |    22 |   135 |    73 |    56 |    63 |     2 ||   351
         Iskenderun's Myst |       |       |       |       |    70 |   121 |    85 |    47 |    43 ||   366
         Orb of Destructio |       |       |       |       |     6 |    81 |   102 |   103 |    57 ||   349
         Ignite Poison     |       |       |       |       |       |       |   116 |     6 |       ||   122
         Bombard           |       |       |       |       |       |       |     1 |   144 |    72 ||   217
         Ignition          |       |       |       |       |       |       |       |    60 |   100 ||   160
         Fire Storm        |       |       |       |       |       |       |       |    20 |   365 ||   385
         Blink             |       |       |       |       |       |       |       |     2 |     9 ||    11
         Sublimation of Bl |       |       |       |       |       |       |       |       |     3 ||     3
  Evoke: Wand              |       |       |       |    36 |     4 |     2 |       |     6 |     3 ||    51
         Lightning rod     |       |       |       |       |       |       |       |     4 |       ||     4
    Use: Potion            |       |     1 |     4 |     6 |     2 |       |     1 |     7 |    10 ||    31
         Scroll            |       |       |     8 |    16 |    13 |     1 |     7 |     9 |     8 ||    62
   Stab: Sleeping          |     3 |     1 |    18 |     2 |       |       |     3 |     1 |     4 ||    32
         Confused          |       |       |     4 |    10 |       |     3 |       |       |       ||    17
         Distracted        |       |       |       |       |       |       |       |     2 |     6 ||     8
 Armour: Skin              |    24 |    26 |   162 |   149 |    78 |    74 |    89 |    92 |   199 ||   893
  Dodge: Dodged            |    27 |    35 |   253 |   251 |   196 |   336 |   272 |   251 |   495 ||  2116
  Block: Buckler           |       |       |       |       |    49 |   226 |   177 |   174 |   233 ||   859
         Reflection        |       |       |       |       |       |    11 |    31 |    18 |     3 ||    63

Table legend: (Time is in decaauts)
 A = Elapsed time spent in this place.
 B = Non-inter-level travel time spent in this place.
 C = Inter-level travel time spent in this place.
 D = Time resting spent in this place.
 E = Time spent auto-exploring this place.
 F = Levels seen in this place.
 G = Mean time per level.
                   A        B        C        D        E       F      G
               +--------+--------+--------+--------+--------+-----+--------+
         Total | 106921 |  93223 |  13698 |  20129 |  58729 |  60 | 1782.0 |
       Dungeon |  27958 |  22207 |   5751 |   5009 |  13617 |  15 | 1863.9 |
        Temple |     74 |      2 |     72 |      0 |      0 |   1 |   74.0 |
          Lair |  10671 |   9320 |   1351 |   2341 |   5479 |   5 | 2134.2 |
         Swamp |   5675 |   5414 |    261 |   1665 |   2968 |   4 | 1418.8 |
   Spider Nest |   6914 |   6411 |    503 |   1486 |   3903 |   4 | 1728.5 |
    Slime Pits |   5618 |   5326 |    292 |   1366 |   3383 |   5 | 1123.6 |
  Orcish Mines |   3790 |   3318 |    472 |    886 |   1775 |   2 | 1895.0 |
   Elven Halls |   5629 |   5060 |    569 |   1027 |   3223 |   3 | 1876.3 |
        Vaults |  13616 |  12474 |   1142 |   2010 |   8668 |   5 | 2723.2 |
         Crypt |   5009 |   4758 |    251 |    540 |   3464 |   3 | 1669.7 |
        Depths |   9004 |   8174 |    830 |   1752 |   5248 |   4 | 2251.0 |
           Zot |  11498 |   9299 |   2199 |   1760 |   6582 |   5 | 2299.6 |
         Abyss |    520 |    520 |      0 |     12 |    180 |   3 |  173.3 |
       Ossuary |    939 |    939 |      0 |    273 |    239 |   1 |  939.0 |
               +--------+--------+--------+--------+--------+-----+--------+

Top non-repeatable levels by time:
   Zot:5: 4228 daAuts
     D:9: 3937 daAuts
Vaults:4: 3050 daAuts
Vaults:5: 2894 daAuts
Depths:2: 2833 daAuts
   Orc:2: 2796 daAuts
Depths:3: 2783 daAuts
   Zot:1: 2764 daAuts
Vaults:2: 2714 daAuts
Vaults:1: 2659 daAuts
 Crypt:3: 2647 daAuts
  Lair:5: 2646 daAuts
    D:12: 2584 daAuts
    D:15: 2545 daAuts
    D:10: 2443 daAuts
